 Dungeon Crawl Stone Soup version 0.31-a0-1412-g7b7c7d10e1 (webtiles) character file.

Game seed: 16010132590338891183

242 MacCMillion the Trooper (level 6, 0/66 HPs)
             Began as an Oni Fighter on Dec 26, 2023.
             Slain by an orc wizard
             ... wielding a +0 dagger
              (3 damage)
             ... on level 4 of the Dungeon.
             The game lasted 00:07:33 (2841 turns).

MacCMillion the Trooper (Oni Fighter)               Turns: 2841, Time: 00:07:34

Health: 0/66       AC:  3    Str: 23    XL:     6   Next: 9%
Magic:  6/6        EV:  8    Int:  9    God:
Gold:   178        SH:  8    Dex:  8    Spells: 5/5 levels left

rFire   . . .        a - +0 war axe
rCold   . . .        c - +0 kite shield
rNeg    . . .        b - +0 robe
rPois   .            (helmet restricted)
rElec   .            (no cloak)
rCorr   .            (gloves unavailable)
SInv    .            (boots unavailable)
Will    .....        (no amulet)
Stlth   +            (no ring)
HPRegen 0.31/turn    (no ring)
MPRegen 0.10/turn

%: no passive effects
@: no status effects
A: large, unfitting armour, horns 1, tough skin 1, double potion healing,
drunken brawling
a: no special abilities


You were on level 4 of the Dungeon.
You visited 1 branch of the dungeon, and saw 4 of its levels.

You collected 178 gold pieces.

Inventory:

Hand Weapons
 a - a +0 war axe (weapon)
Missiles
 d - 3 poisoned darts
 r - 2 curare-tipped darts
Armour
 b - a +0 robe (worn)
 c - a +0 kite shield (worn)
Scrolls
 e - a scroll of revelation {unknown}
 f - 2 scrolls of poison {unknown}
 g - 2 scrolls of vulnerability
 h - a scroll of enchant weapon {unknown}
 i - a scroll of fog {unknown}
 k - 2 scrolls of immolation {unknown}
 l - 3 scrolls of noise {unknown}
 m - a scroll of teleportation {unknown}
 p - 2 scrolls of amnesia {unknown}
 u - a scroll of identify
Potions
 j - 2 potions of mutation
 n - a potion of ambrosia {unknown}
 o - 3 potions of heal wounds {unknown}
 q - a potion of magic {unknown}
 s - a potion of attraction {unknown}
 t - 2 potions of invisibility {unknown}
 v - a potion of enlightenment {unknown}


   Skills:
 + Level 5.5 Fighting
 + Level 3.4 Axes
 - Level 2.7 Dodging
 * Level 4.6 Shields


You had 5 spell levels left.
You didn't know any spells.
Your spell library contained the following spells:

 Spells                   Type           Power      Damage    Failure   Level
 Mercury Vapours          Alch/Air       0%         N/A       78%         2
 Mephitic Cloud           Conj/Alch/Air  0%         N/A       95%         3
 Summon Guardian Golem    Hex/Summ       0%         N/A       95%         3
 Volatile Blastmotes      Fire/Tloc      0%         2d10      95%         3
 Brom's Barrelling Bould  Conj/Erth      0%         2d3       100%        4
 Fulminant Prism          Conj/Alch      0%         3d5       100%        4
 Iskenderun's Mystic Bla  Conj/Tloc      0%         2d3       100%        4
 Fireball                 Conj/Fire      0%         3d3       100%        5
 Freezing Cloud           Conj/Ice/Air   0%         6-21      100%        5
 Iskenderun's Battlesphe  Conj           0%         2d6       100%        5
 Conjure Ball Lightning   Conj/Air       0%         3x3d6     100%        6
 Orb of Destruction       Conj           0%         9d5       100%        7
 Spellforged Servitor     Conj/Summ      0%         N/A       100%        7


Dungeon Overview and Level Annotations

Branches:
Dungeon (4/15)
 Temple: D:4-7

Altars:
Hepliaklqana
Sif Muna

Annotations:
D:3 1 runed translucent door, Crazy Yiuf


Innate Abilities, Weirdness & Mutations

You are too large for most types of armour.
You have a pair of small horns on your head.
You have tough skin. (AC +1)
You gain doubled healing and magic from potions.
Whenever you drink a healing potion, you attack all around you.


Message History

Deactivating autopickup; reactivate with Ctrl-A.
You miss something. Your headbutt misses something. You barely miss the orc.
Something hits you but does no damage. The orc hits you with a +0 club.
You hit something. Your headbutt misses something. You hit the orc.
Something hits you but does no damage. The orc hits you with a +0 club. x2
Something hits you.
You barely miss something. You hit the orc but do no damage.
You hear some strange, mumbled words.
A magic dart appears from out of thin air!
The magic dart hits you. The orc hits you with a +0 club.
You barely miss something. You slash the orc!
You kill the orc!
Something hits you. Something hits you but does no damage.
You closely miss something. Something hits you but does no damage.
Unknown command.
You hit something but do no damage. Something hits you.
You hear some strange, mumbled words.
A magic dart appears from out of thin air!
The magic dart hits you!
* * * LOW HITPOINT WARNING * * *
You barely miss something. Your headbutt misses something.
Something completely misses you.
You hit something but do no damage.
You hear some strange, mumbled words.
Something tries to affect you, but you resist.
You hear some strange, mumbled words.
Something tries to affect you, but you resist.
You closely miss something. Your headbutt misses something.
Something hits you but does no damage.
You barely miss something. Something hits you.
* * * LOW HITPOINT WARNING * * *
Something hits you.
* * * LOW HITPOINT WARNING * * *
You hit something.
You hear some strange, mumbled words.
A puff of flame appears from out of thin air!
The puff of flame hits you!
* * * LOW HITPOINT WARNING * * *
You miss something. Something hits you.
You die...

.. ....#.##
#.#....... #
...#...# . #
.######$##...### .#
#
...............#..#
#
######............
# ##.........# #
#)##†.)##.#.# #
#.#.?@{......
######
#.#.###...###
.....#######.#. ..#
####.........#. .#
###########. .. ..
.. .. .


There were no monsters in sight!

Vanquished Creatures
  A bombardier beetle (D:4)
  A gnoll bouda (D:3)
  An orc priest (D:4)
  8 gnolls
  An adder (D:3)
  A dart slug (D:2)
  3 orcs
  6 endoplasms
  3 giant cockroaches
  4 goblins
  6 hobgoblins
  2 kobolds
  6 quokkas
  2 ball pythons (D:2)
  5 bats
  3 frilled lizards
  2 rats
55 creatures vanquished.

Notes
Turn   | Place    | Note
-------+----------+-------------------------------------------
     0 | D:1      | MacCMillion the Oni Fighter began the quest for the Orb.
     0 | D:1      | Reached XP level 1. HP: 24/24 MP: 1/1
   270 | D:1      | Reached XP level 2. HP: 28/32 MP: 2/2
   293 | D:1      | You fall into a shaft and drop 1 floor!
   579 | D:1      | Found a faded altar of an unknown god.
   845 | D:2      | Found a hazy altar of Hepliaklqana.
   866 | D:2      | Reached XP level 3. HP: 35/40 MP: 3/3
  1430 | D:3      | Reached XP level 4. HP: 45/49 MP: 4/4
  1476 | D:3      | Reached skill level 5 in Fighting
  1477 | D:3      | Reached XP level 5. HP: 17/57 MP: 5/5
  2288 | D:3      | Found a runed translucent door.
  2289 | D:3      | Noticed Crazy Yiuf
  2636 | D:4      | Found a shimmering blue altar of Sif Muna.
  2825 | D:4      | Reached XP level 6. HP: 60/66 MP: 6/6
  2840 | D:4      | HP: 3/66 [something/puff of flame (11)]
  2841 | D:4      | Slain by an orc wizard

Illustrated notes

Levels and vault maps discovered:
D:1:      minmay_arrival_stone_box, layout_rooms,
          shapermc_ecumenical_altar_petra
D:2:      layout_loops_cross, basic_altar
D:3:      layout_rooms, grunt_ministairs_14, chequers_serial_rivers_micro_b,
          nicolae_grassy_gnolls, uniq_crazy_yiuf_cottage
D:4:      layout_loops_ring, nicolae_sif_muna_condensation,
          lemuel_temple_firewalk_b, minmay_misc_feat_x, moated_statue,
          minmay_misc_feat_cross

Skill      XL: |  1  2  3  4  5 |
---------------+----------------+-----
Shields        | 3 4 |  4.6
Fighting       | 5 |  5.5
Axes           | 3 |  3.4
Dodging        | |  2.7

Action                     |  1- 3 |  4- 6 || total
---------------------------+-------+-------++-------
  Melee: War axe           |    71 |    71 ||   142
         Headbutt          |     8 |     9 ||    17
    Use: Scroll            |     2 |     1 ||     3
         Potion            |       |     2 ||     2
   Stab: Sleeping          |     1 |     1 ||     2
 Armour: Robe              |    36 |    47 ||    83
  Dodge: Dodged            |    25 |    24 ||    49
  Block: Kite shield       |    28 |    10 ||    38

Table legend: (Time is in decaauts)
 A = Elapsed time spent in this place.
 B = Non-inter-level travel time spent in this place.
 C = Inter-level travel time spent in this place.
 D = Time resting spent in this place.
 E = Time spent auto-exploring this place.
 F = Levels seen in this place.
 G = Mean time per level.
                   A        B        C        D        E       F      G
               +--------+--------+--------+--------+--------+-----+--------+
         Total |   2896 |   2748 |    148 |    674 |   1482 |   4 |  724.0 |
       Dungeon |   2896 |   2748 |    148 |    674 |   1482 |   4 |  724.0 |
               +--------+--------+--------+--------+--------+-----+--------+

Top non-repeatable levels by time:
     D:3: 1156 daAuts
     D:1: 816 daAuts
     D:2: 687 daAuts
     D:4: 236 daAuts
